 Dungeon Crawl Stone Soup version 0.19.4-10-g532645f (webtiles) character file.

3518 Mesmaeker13 the Fighter (level 10, -23/113 HPs)
             Began as an Ogre Hunter on Feb 24, 2017.
             Was a Follower of the Shining One.
             Shot with an arrow by a centaur warrior (27 damage)
             ... on level 8 of the Dungeon.
             The game lasted 00:17:31 (8538 turns).

Mesmaeker13 the Fighter (Ogre Hunter)               Turns: 8538, Time: 00:17:31

Health: -23/113    AC:  7    Str: 23    XL:     10   Next: 8%
Magic:  10/10      EV: 12    Int: 17    God:    the Shining One [*.....]
Gold:   708        SH:  0    Dex: 10    Spells: 0 memorised, 9 levels left

rFire  . . .     SeeInvis .     t - +1 mace (crush)
rCold  . . .     Gourm    .     p - +1 robe {MR+}
rNeg   . . .     Faith    .     (no shield)
rPois  .         Spirit   .     (helmet restricted)
rElec  .         Reflect  .     v - +1 cloak {MR+}
rCorr  .         Harm     .     (gloves unavailable)
MR     +++..                    (boots unavailable)
Stlth  +.........               (no amulet)
                                (no ring)
                                n - +3 ring of strength

@: brilliant, glowing
A: unfitting armour, rugged brown scales 1, tough skin 1
a: Renounce Religion


You were on level 8 of the Dungeon.
You worshipped the Shining One.
The Shining One was aware of your devotion.
You were not hungry.

You visited 2 branches of the dungeon, and saw 9 of its levels.
You also visited: Ossuary.

You collected 708 gold pieces.

Inventory:

Hand Weapons
 t - a +1 mace of crushing (weapon)
 Q - a cursed +0 giant club
Missiles
 c - 3 large rocks (quivered)
 d - a throwing net
 e - 309 stones
 x - 2 poisoned tomahawks
 z - 9 tomahawks
Armour
 p - a +1 robe of magic resistance (worn)
 v - a +1 cloak of magic resistance (worn)
Jewellery
 n - a +3 ring of strength (left hand)
 C - an uncursed ring of flight
 O - an uncursed ring of magical power {unknown}
Wands
 q - a wand of slowing (20/48)
 M - a wand of digging (4/24)
Scrolls
 a - 2 scrolls of amnesia
 g - a scroll of teleportation
 i - 8 scrolls of remove curse
 j - a scroll of enchant weapon
 o - a scroll of immolation {unknown}
 y - 4 scrolls of enchant armour
 D - a scroll of magic mapping {unknown}
 G - a scroll of fog {unknown}
 H - a scroll of summoning {unknown}
 J - a scroll of blinking {unknown}
Potions
 h - a potion of heal wounds {unknown}
 k - a potion of berserk rage
 l - a potion of cancellation
 m - a potion of invisibility
 s - a potion of flight {unknown}
 u - a potion of beneficial mutation
 A - a potion of agility {unknown}
 B - a potion of brilliance
 K - 2 potions of might {unknown}
 L - a potion of mutation {unknown}
 N - a potion of ambrosia {unknown}
 P - a potion of degeneration {unknown}
Comestibles
 b - 6 meat rations
 f - 5 bread rations
 r - 6 chunks of flesh
 w - 2 beef jerkies
 F - a slice of pizza
 I - 4 fruits


   Skills:
 + Level 10.0 Fighting
 + Level 9.2 Maces & Flails
 - Level 7.1 Throwing
 + Level 7.2 Dodging
 - Level 0.6 Stealth


You had 9 spell levels left.
You didn't know any spells.

Dungeon Overview and Level Annotations

Branches:
Dungeon (8/15)             Temple (1/1) D:6
   Lair: D:8-11

Altars:
Ashenzari
Cheibriados
Dithmenos
Elyvilon
Fedhas
Gozag
Hepliaklqana
Kikubaaqudgha
Makhleb
Nemelex Xobeh
Okawaru
Qazlal
Ru
Sif Muna
Trog
Uskayaw
Vehumet
Xom
Yredelemnul
Zin
The Shining One


Innate Abilities, Weirdness & Mutations

You are too large for most types of armour.
You have tough skin. (AC +1)
You are partially covered in rugged brown scales. (AC +1, +3% HP)


Message History

You hit the water moccasin zombie.
The water moccasin zombie is lightly damaged.
You feel sick.
The water moccasin zombie barely misses you.
You sock the water moccasin zombie!
The water moccasin zombie is moderately damaged.
Your surroundings suddenly seem different.
Found a scale mail.
An ogre comes into view. It is wielding a giant club.
You feel sick.
You are no longer poisoned.
The centaur warrior shouts!
The centaur warrior wields an uncursed longbow.
The centaur warrior shoots an arrow.
The arrow hits you!
* * * LOW HITPOINT WARNING * * *
You see here an arrow.
The centaur warrior shoots an arrow.
The arrow hits you!
* * * LOW HITPOINT WARNING * * *
The centaur warrior shoots an arrow.
The arrow hits you!!
You die...

............#....#
........)........#
.....####........#
.........c.........#
......(.........<#.#
#########......#.#.#
#........# #
#.####.#.# #.# #..@#
#########.# ##.(#
..........#####..#
...##.[..........#
.............##..#
.........######..#
..รท.)####.# #.[.#
#####...##.# #...#
###).#..#.##...#


You could see a centaur warrior.

Vanquished Creatures
  The ghost of Haddockses the Cudgeler, a novice TrBe of Trog (D:5)
  Grinder (D:3)
  Prince Ribbit (D:5)
  Sigmund (D:5)
  A water moccasin (D:7)
  An ice beast (D:7)
  2 orc warriors
  2 ogres
  2 centaurs
  4 bullfrogs
  2 gnoll sergeants
  A wyvern zombie (D:8)
  A scorpion (D:5)
  5 killer bees
  2 crimson imps (D:6)
  A bullfrog zombie (D:6)
  5 orc priests
  2 hounds
  2 centaur skeletons
  Crazy Yiuf (D:2)
  Jessica (D:3)
  Natasha (thrice) (D:3)
  2 orc wizards
  Ijyb (D:2)
  3 iguanas
  6 worker ants
  A killer bee zombie (D:7)
  4 big kobold zombies (Ossuary)
  2 mummies (Ossuary)
  A howler monkey skeleton (D:4)
  10 adders
  9 gnolls
  An adder zombie (D:7)
  An adder skeleton (D:7)
  4 dart slugs
  6 leopard geckos
  14 orcs
  A ball python (D:3)
  9 bats
  5 giant cockroaches
  A gnoll zombie (Ossuary)
  9 goblins
  9 hobgoblins
  4 jackals (D:4)
  12 kobolds
  4 quokkas
  A frilled lizard (D:1)
  7 goblin zombies (Ossuary)
  A hobgoblin zombie (Ossuary)
  An orc zombie (Ossuary)
  7 rats
178 creatures vanquished.

Notes
Turn   | Place    | Note
-------+----------+-------------------------------------------
     0 | D:1      | Mesmaeker13 the Ogre Hunter began the quest for the Orb.
     0 | D:1      | Reached XP level 1. HP: 22/22 MP: 1/1
    82 | D:1      | Reached skill level 3 in Fighting
   143 | D:1      | Reached XP level 2. HP: 23/31 MP: 2/2
   451 | D:1      | Reached XP level 3. HP: 25/37 MP: 3/3
   796 | D:2      | Noticed Ijyb
   797 | D:2      | Killed Ijyb
   797 | D:2      | Reached skill level 1 in Maces & Flails
   797 | D:2      | Reached XP level 4. HP: 45/48 MP: 4/4
   974 | D:2      | Found an opulent altar of Gozag.
   976 | D:2      | Reached skill level 4 in Fighting
  1342 | D:2      | Found a runed door.
  1346 | D:2      | Noticed Crazy Yiuf
  1347 | D:2      | Killed Crazy Yiuf
  1347 | D:2      | Reached XP level 5. HP: 54/54 MP: 5/5
  1703 | D:3      | Noticed Grinder
  1708 | D:3      | Killed Grinder
  1708 | D:3      | Reached skill level 5 in Fighting
  1708 | D:3      | Reached skill level 5 in Throwing
  1708 | D:3      | Reached XP level 6. HP: 55/66 MP: 6/6
  1982 | D:3      | Noticed Jessica
  1987 | D:3      | Killed Jessica
  2011 | D:3      | Noticed Natasha
  2020 | D:3      | Killed Natasha
  2020 | D:3      | Reached XP level 7. HP: 59/72 MP: 7/7
  2267 | D:3      | Found a deep blue altar of Sif Muna.
  2357 | D:3      | Noticed Natasha
  2363 | D:3      | Killed Natasha
  2466 | D:3      | Noticed Natasha
  2472 | D:3      | Killed Natasha
  2760 | D:4      | Reached skill level 6 in Fighting
  3038 | D:4      | Found a sand-covered staircase.
  3043 | Ossuary  | Entered an ossuary
  3565 | D:4      | Reached skill level 5 in Maces & Flails
  3899 | D:4      | Reached XP level 8. HP: 84/84 MP: 8/8
  4027 | D:5      | Entered Level 5 of the Dungeon
  4106 | D:5      | Found an iron altar of Okawaru.
  4106 | D:5      | Noticed Sigmund
  4111 | D:5      | Killed Sigmund
  4268 | D:5      | Noticed Haddockses's ghost (novice TrBe)
  4284 | D:5      | Killed Haddockses's ghost
  4284 | D:5      | Reached skill level 7 in Fighting
  4284 | D:5      | Reached skill level 5 in Dodging
  4834 | D:5      | Found a shimmering altar of Xom.
  4836 | D:5      | Found an ancient bone altar of Kikubaaqudgha.
  4836 | D:5      | Found a sacrificial altar of Ru.
  4838 | D:5      | Found an ancient bone altar of Kikubaaqudgha.
  4838 | D:5      | Found a radiant altar of Vehumet.
  4838 | D:5      | Found a radiant altar of Vehumet.
  4901 | D:5      | Noticed Prince Ribbit
  4912 | D:5      | Killed Prince Ribbit
  4912 | D:5      | Reached skill level 8 in Fighting
  4912 | D:5      | Reached XP level 9. HP: 96/96 MP: 9/9
  5394 | D:6      | Found a staircase to the Ecumenical Temple.
  5405 | Temple   | Entered the Ecumenical Temple
  5646 | Temple   | Became a worshipper of the Shining One
  6016 | D:6      | Found an iron altar of Okawaru.
  6828 | D:7      | Found a shattered altar of Ashenzari.
  6981 | D:7      | Reached skill level 9 in Fighting
  8315 | D:8      | Reached XP level 10. HP: 94/110 MP: 10/10
  8471 | D:8      | Reached * piety under the Shining One
  8504 | D:8      | Reached skill level 10 in Fighting
  8510 | D:8      | Noticed a centaur warrior
  8526 | D:8      | Gained mutation: You are partially covered in rugged brown scales. (AC +1, +3% HP) [potion of beneficial mutation]
  8538 | D:8      | HP: 4/113 [centaur warrior/arrow (16)]
  8538 | D:8      | Shot with an arrow by a centaur warrior

Skill      XL: |  1  2  3  4  5  6  7  8  9 10 |
---------------+-------------------------------+-----
Fighting       | 3 4 5 6 8 9 10 | 10.0
Dodging        | 2 3 4 5 7 |  7.2
Maces & Flails | 1 2 3 5 6 9 |  9.2
Throwing       | 5 6 7 |  7.1
Stealth        | |  0.6

Action                   |  1- 3 |  4- 6 |  7- 9 | 10-12 || total
-------------------------+-------+-------+-------+-------++-------
Melee: Short sword       |    43 |       |       |       ||    43
       Mace              |    41 |    71 |   375 |    29 ||   516
Throw: Large rock        |     9 |    10 |    29 |       ||    48
       Throwing net      |       |       |     2 |       ||     2
Evoke: Wand              |       |       |     1 |       ||     1
  Use: Scroll            |     2 |     2 |     9 |     2 ||    15
       Potion            |       |       |     5 |     2 ||     7
 Stab: Sleeping          |     1 |       |     2 |       ||     3
  Eat: Chunk             |       |     4 |    16 |       ||    20
       Bread ration      |       |       |     1 |       ||     1
Armor: Robe              |    60 |    30 |   117 |    10 ||   217
Dodge: Dodged            |    73 |    44 |   249 |    24 ||   390
